 Dungeon Crawl Stone Soup version 0.25-a0-460-g4f2eb97ec1 (webtiles) character file.

Game seed: 13613904426099444596, levelgen mode: deterministic

1114 Nattfarinn the Covered (level 8, -12/68 HPs)
             Began as a Minotaur Gladiator on Feb 3, 2020.
             Mangled by an orc warrior
             ... wielding a +0 hand axe
              (18 damage)
             ... on level 6 of the Dungeon.
             The game lasted 00:07:40 (5276 turns).

Nattfarinn the Covered (Minotaur Gladiator)         Turns: 5276, Time: 00:07:41

Health: -12/68     AC:  6    Str: 19    XL:     8   Next: 12%
Magic:  7/7        EV: 19    Int: 10    God:
Gold:   363        SH:  9    Dex: 19    Spells: 7/7 levels left

rFire    x . .     SeeInvis .   r - +2 short sword (speed)
rCold    + . .     Gourm    .   i - +0 buckler
rNeg     . . .     Faith    .   C - +0 ring mail (curse)
rPois    .         Spirit   .   c - +0 hat
rElec    .         Reflect  +   (no cloak)
rCorr    .         Harm     .   (no gloves)
MR       .....                  (no boots)
Stlth    ++........             u - +4 amulet of reflection
HPRegen  0.21/turn              h - ring of ice
MPRegen  0.10/turn              (no ring)

@: brilliant, agile, flying, hasted, very quick
A: retaliatory headbutt, horns 2
a: no special abilities


You were on level 6 of the Dungeon.
You were not hungry.

You visited 1 branch of the dungeon, and saw 6 of its levels.

You collected 363 gold pieces.

Inventory:

Hand Weapons
 a - a +0 war axe
 l - a +3 whip of flaming
 r - a +2 short sword of speed (weapon)
 A - the +1 mace "Maadis" {vorpal, +Inv MR+}
   (You found it on level 5 of the Dungeon)

   It inflicts extra damage upon your enemies.
   It affects your resistance to hostile enchantments.
   It lets you turn invisible.
Missiles
 d - 3 throwing nets (quivered)
Armour
 b - a +0 leather armour
 c - a +0 hat (worn)
 i - a +0 buckler (worn)
 C - a cursed +0 ring mail (worn)
Jewellery
 h - a ring of ice (left hand)
 u - a +4 amulet of reflection (around neck)
 y - an uncursed amulet of magic regeneration {unknown}
 z - a +5 amulet of reflection
Wands
 m - a wand of paralysis (10)
Scrolls
 e - a scroll of identify
 g - a scroll of magic mapping {unknown}
 j - 2 scrolls of enchant armour
 q - a scroll of fog
 s - a scroll of immolation {unknown}
 t - a scroll of fear {unknown}
 v - 2 scrolls of teleportation
 w - a scroll of enchant weapon {unknown}
Potions
 k - a potion of agility
 n - a potion of brilliance
 o - 3 potions of curing
Comestibles
 f - 8 rations


   Skills:
 + Level 5.0 Fighting
 * Level 4.8 Short Blades
 - Level 4.3 Axes
 - Level 2.0 Throwing
 * Level 6.2 Armour
 + Level 5.3 Dodging
 * Level 3.1 Shields


You had 7 spell levels left.
You didn't know any spells.
Your spell library was empty.

Dungeon Overview and Level Annotations

Branches:
Dungeon (6/15)
 Temple: D:4-7

Altars:

Annotations:
D:5 3 runed translucent doors, ReteAZ's ghost, novice OpEE; fly's ghost, novice DDNe; stripedtigrrr's ghost, novice MfGl
D:6 Grinder


Innate Abilities, Weirdness & Mutations

You reflexively headbutt those who attack you in melee.
You have a pair of horns on your head.


Message History

* * * LOW HITPOINT WARNING * * *
It was a potion of curing.
You feel better. You block the orc priest's attack.
The orc warrior hits you with a +0 hand axe!
* * * LOW HITPOINT WARNING * * *
It was a potion of brilliance.
You feel clever all of a sudden. The orc priest barely misses you.
You block the orc warrior's attack.
All of the chunks of flesh in your inventory have rotted away.
It was a potion of agility.
You feel agile all of a sudden.
Grinder blinks!
You block the orc priest's attack. The orc warrior misses you.
You furiously retaliate!
You headbutt the orc warrior, but do no damage.
It was a potion of flight.
You feel very buoyant.
You fly up into the air.
The orc priest miscasts a cantrip.
It was a potion of haste.
You feel yourself speed up.
The orc warrior hits you with a +0 hand axe!!
You die...

#.# #.# #.#
#.# #.# #.#
.. #.# #.# #
#.# ... #.#
....o#####.#
...§ooo@..[#
.....#######
>.. .


You could see an orc warrior, an orc priest and 2 orcs.

Vanquished Creatures
  A water moccasin (D:5)
  An ice beast (D:6)
  A phantom (D:5)
  2 ogres (D:5)
  A centaur (D:5)
  2 scorpions
  A howler monkey (D:6)
  A centaur skeleton (D:6)
  3 orc wizards
  A bullfrog skeleton (D:5)
  A hound (D:4)
  An iguana (D:4)
  A worker ant (D:4)
  8 adders
  An adder zombie (D:5)
  6 worms
  2 dart slugs
  3 leopard geckos
  27 orcs
  4 bats
  7 giant cockroaches
  4 goblins
  9 hobgoblins
  8 jackals
  A quokka (D:2)
  2 ball pythons
  4 frilled lizards
  A jackal skeleton (D:5)
  2 kobolds (D:3)
  2 leopard gecko zombies
  9 rats
117 creatures vanquished.

Notes
Turn   | Place    | Note
-------+----------+-------------------------------------------
     0 | D:1      | Nattfarinn the Minotaur Gladiator began the quest for the
                  | Orb.
     0 | D:1      | Reached XP level 1. HP: 18/18 MP: 0/0
    37 | D:1      | Reached skill level 1 in Armour
    87 | D:1      | Reached XP level 2. HP: 22/25 MP: 1/1
   711 | D:2      | Reached skill level 2 in Armour
   711 | D:2      | Reached XP level 3. HP: 8/30 MP: 2/2
  1501 | D:2      | Reached XP level 4. HP: 37/38 MP: 3/3
  2067 | D:3      | Reached skill level 3 in Armour
  2557 | D:3      | Reached skill level 1 in Short Blades
  2557 | D:3      | Reached XP level 5. HP: 36/45 MP: 4/4
  2769 | D:4      | HP: 1/45 [iguana (5)]
  3139 | D:4      | Reached skill level 4 in Armour
  3151 | D:4      | Reached XP level 6. HP: 27/52 MP: 5/5
  3955 | D:5      | Entered Level 5 of the Dungeon
  4326 | D:5      | Noticed a water moccasin
  4336 | D:5      | Killed a water moccasin
  4336 | D:5      | Reached skill level 5 in Armour
  4336 | D:5      | Reached XP level 7. HP: 48/59 MP: 6/6
  4590 | D:5      | Found a runed translucent gate.
  4590 | D:5      | Found a runed translucent gate.
  4591 | D:5      | Found a runed translucent gate.
  4592 | D:5      | Noticed ReteAZ's ghost (novice OpEE)
  4592 | D:5      | Noticed stripedtigrrr's ghost (novice MfGl)
  4593 | D:5      | Noticed fly's ghost (novice DDNe)
  4724 | D:5      | Reached skill level 1 in Shields
  4730 | D:5      | Reached skill level 5 in Dodging
  4804 | D:5      | Got an iridescent mace
  4805 | D:5      | Identified the cursed +1 mace "Maadis" {vorpal, +Inv MR+}
                  | (You found it on level 5 of the Dungeon)
  5172 | D:6      | Reached skill level 6 in Armour
  5195 | D:6      | Reached skill level 5 in Fighting
  5195 | D:6      | Reached XP level 8. HP: 68/68 MP: 7/7
  5259 | D:6      | Noticed Grinder
  5276 | D:6      | Mangled by an orc warrior

Levels and vault maps discovered:
D:1:      minmay_arrival_arboretum_small, layout_loops_ring
D:2:      layout_loops_corners
D:3:      layout_basic, corexii_corridor_pit
D:4:      layout_cave_pods, first_ration, serial_park, serial_park_square2
D:5:      minmay_octagon_keep, layout_loops_cross, gammafunk_ghost_cemetery
D:6:      layout_loops_ring, due_unseen_surprise, uniq_grinder

Skill      XL: |  1  2  3  4  5  6  7  8 |
---------------+-------------------------+-----
Armour         | 1 2 3 4 5 6 |  6.2
Axes           | 4 |  4.3
Fighting       | 3 4 5 |  5.0
Dodging        | 4 5 |  5.3
Short Blades   | 1 2 3 4 |  4.8
Shields        | 2 3 |  3.1
Throwing       | |  2.0

Action                   |  1- 3 |  4- 6 |  7- 9 || total
-------------------------+-------+-------+-------++-------
Melee: War axe           |    57 |    32 |       ||    89
       Headbutt          |    14 |    42 |    27 ||    83
       Short sword       |       |   150 |   103 ||   253
       Mace              |       |       |     2 ||     2
  Use: Potion            |     1 |       |     5 ||     6
       Scroll            |       |       |     5 ||     5
 Stab: Sleeping          |       |     1 |       ||     1
  Eat: Chunk             |     2 |     8 |     4 ||    14
Armor: Leather armour    |     8 |    22 |     2 ||    32
       Ring mail         |       |       |     3 ||     3
Dodge: Dodged            |    37 |    71 |    33 ||   141
Block: Buckler           |     3 |    41 |    27 ||    71
       Reflection        |       |       |     3 ||     3

Table legend:
 A = Non-vault XP
 B = Vault XP
 C = Vault XP percentage of total XP
 D = Non-vault monster count
 E = Vault monster count
 F = Vault count percentage of total count
                 A         B        C        D         E       F
            +---------+---------+-------+---------+---------+-------
      Total |    1306 |     286 |  18.0 |     112 |       5 |   4.3
            +---------+---------+-------+---------+---------+-------
        D:1 |      23 |       0 |   0.0 |      12 |       0 |   0.0
        D:2 |      83 |       0 |   0.0 |      20 |       0 |   0.0
        D:3 |     132 |       0 |   0.0 |      30 |       0 |   0.0
        D:4 |     350 |       0 |   0.0 |      31 |       0 |   0.0
        D:5 |     399 |     286 |  41.8 |       6 |       5 |  45.5
        D:6 |     319 |       0 |   0.0 |      13 |       0 |   0.0
            +---------+---------+-------+---------+---------+-------
